 Dungeon Crawl Stone Soup version 0.28.0-43-g3370ac3207 (webtiles) character file.

Game seed: 11033008427187107806

137 MisterFreud the Caller (level 5, 0/35 HPs)
             Began as a Merfolk Summoner on Mar 3, 2022.
             Slain by a crimson imp (3 damage)
             ... summoned by Natasha
             ... on level 3 of the Dungeon.
             The game lasted 00:04:54 (3157 turns).

MisterFreud the Caller (Merfolk Summoner)           Turns: 3157, Time: 00:04:56

Health: 0/35       AC:  2    Str:  6    XL:     5   Next: 20%
Magic:  4/9        EV: 13    Int: 18    God:
Gold:   100        SH:  0    Dex: 20    Spells: 7/10 levels left

rFire   + + .      SeeInvis .   n - +4 mace of Floral Offence {freeze, rF+ Str-2 Int+2 Dex+5}
rCold   + . .      Faith    .   (no shield)
rNeg    . . .      Spirit   .   a - +0 robe
rPois   .          Reflect  .   (no helmet)
rElec   .          Harm     .   t - scarf {rC+ rF+}
rCorr   .          Rampage  .   (no gloves)
Will    .....                   (no boots)
Stlth   ++........              (no amulet)
HPRegen 0.11/turn               (no ring)
MPRegen 0.11/turn               (no ring)

@: no status effects
A: (nimble swimmer 2), mertail
a: no special abilities


You were on level 3 of the Dungeon.
You visited 1 branch of the dungeon, and saw 3 of its levels.

You collected 100 gold pieces.

Inventory:

Hand Weapons
 b - a +0 whip
 n - the +4 mace of Floral Offence (weapon) {freeze, rF+ Str-2 Int+2 Dex+5}
   (You found it on level 2 of the Dungeon)

   It freezes those it strikes, dealing additional cold damage.
   It can also slow down cold-blooded creatures.
   Str:       It affects your strength (-2).
   Int:       It affects your intelligence (+2).
   Dex:       It affects your dexterity (+5).
   rF:        It protects you from fire.
Missiles
 e - 5 poisoned darts
Armour
 a - a +0 robe (worn)
 t - a scarf of resistance (worn)
Jewellery
 k - an amulet of faith
Wands
 p - a wand of flame (9)
 r - a wand of mindburst (13)
Scrolls
 d - a scroll of teleportation {unknown}
 h - 2 scrolls of enchant weapon {unknown}
 j - a scroll of amnesia {unknown}
 l - 2 scrolls of identify {unknown}
 q - a scroll of brand weapon {unknown}
Potions
 c - 2 potions of haste {unknown}
 f - 2 potions of heal wounds {unknown}
 g - a potion of flight {unknown}
 i - 2 potions of mutation {unknown}
 m - a potion of magic {unknown}
 o - 3 potions of curing {unknown}
 s - a potion of resistance {unknown}


   Skills:
 - Level 2.6 Dodging
 - Level 2.1 Stealth
 - Level 3.0 Spellcasting
 + Level 5.8 Summonings


You had 7 spell levels left.
You knew the following spells:

 Your Spells              Type           Power      Damage    Failure   Level
a - Summon Small Mammal   Summ           92%        N/A       1%          1
b - Call Imp              Summ           23%        N/A       2%          2

Your spell library contained the following spells:

 Spells                   Type           Power      Damage    Failure   Level
 Call Canine Familiar     Summ           23%        N/A       4%          3
 Summon Guardian Golem    Hex/Summ       13%        N/A       14%         3
 Summon Lightning Spire   Summ/Air       13%        N/A       43%         4


Dungeon Overview and Level Annotations

Branches:
Dungeon (3/15)

Altars:

Annotations:
D:3 Natasha


Innate Abilities, Weirdness & Mutations

((You are very nimble when in or above water. (Stealth+, EV+, Speed+++)))
Your lower body shifts to a powerful aquatic tail in water.


Message History

Natasha hisses angrily.
Casting: Call Imp (safe; 2% risk of failure)
Confirm with . or Enter, or press ? or * to list all spells.
A beastly little devil appears in a puff of flame.
Natasha claws you.
Unknown command.
You hit Natasha. You freeze Natasha.
Natasha is moderately wounded.
Natasha barely misses you.
Your crimson imp blinks!
Natasha stares at you and mumbles some strange words.
The magic dart hits you!
You hit Natasha. You freeze Natasha.
Natasha is heavily wounded.
Your crimson imp blinks!
Natasha mumbles some strange words.
Casting: Call Imp (safe; 2% risk of failure)
Confirm with . or Enter, or press ? or * to list all spells.
A beastly little devil appears in a puff of flame.
Natasha mumbles some strange words.
The crimson imp closely misses you.
Unknown command.
Casting: Call Imp (safe; 2% risk of failure)
Confirm with . or Enter, or press ? or * to list all spells.
A shadowy apparition takes form in the air.
Your crimson imp disappears in a puff of smoke!
Natasha claws you!
The crimson imp blinks!
Unknown command.
You hit Natasha but do no damage.
Natasha is heavily wounded.
Natasha claws you!
* * * LOW HITPOINT WARNING * * *
The crimson imp hits you but does no damage.
You barely miss Natasha.
Natasha is heavily wounded.
Natasha casts a spell at you. The magic dart hits you!
* * * LOW HITPOINT WARNING * * *
The crimson imp hits you.
You die...

#.#.#.#........##.######.##
#.....#####.#........g....#
###.### #.#.###.######.## #.#
#.#.# #.# #.# #.## #.#'###.# #.#
#..## #..5..5.# #.# ####.#.##
##.....### ##†#
#.......###.......## ##))####
####.....#..#...@h....####.......
................5...†.'.......###
####.....#..#.........####.....#
#.#...#.###.......## ###.##.#
#.###...# ##.....## #......# ##
######..# ##...## #.#.#### .###
#.##### ##'## #.#.# ...##...##
#.# #.#.##### .#.......# #.#####
#.#......


You could see Natasha, 2 crimson imps and a friendly shadow imp (summoned).

Vanquished Creatures
  A vampire bat (D:3)
  Natasha (D:3)
  A worm (D:3)
  A dart slug (D:3)
  3 bats
  An endoplasm (D:1)
  A giant cockroach (D:3)
  4 goblins
  4 hobgoblins
  A quokka (D:1)
  2 ball pythons (D:3)
  5 rats (D:2)
25 creatures vanquished.

Vanquished Creatures (collateral kills)
  Terence (D:3)
  2 worms (D:2)
  2 endoplasms (D:1)
  A giant cockroach (D:1)
  2 goblins
  2 jackals (D:2)
  A kobold (D:2)
  A quokka (D:1)
  A ball python (D:2)
  4 bats
  A frilled lizard (D:3)
18 creatures vanquished.

Grand Total: 43 creatures vanquished

Notes
Turn   | Place    | Note
-------+----------+-------------------------------------------
     0 | D:1      | MisterFreud the Merfolk Summoner began the quest for the
                  | Orb.
     0 | D:1      | Reached XP level 1. HP: 13/13 MP: 3/3
   362 | D:1      | Reached XP level 2. HP: 18/19 MP: 3/5
   392 | D:1      | Learned a level 2 spell: Call Imp
  1105 | D:2      | Reached XP level 3. HP: 24/24 MP: 3/6
  1244 | D:2      | Reached skill level 5 in Summonings
  1520 | D:2      | Identified the +4 mace of Floral Offence {freeze, rF+ Str-2
                  | Int+2 Dex+5}
  1915 | D:3      | Noticed Terence
  1924 | D:3      | Killed Terence
  2275 | D:3      | Reached XP level 4. HP: 17/30 MP: 4/7
  3065 | D:3      | Noticed Natasha
  3069 | D:3      | Killed Natasha
  3070 | D:3      | Reached XP level 5. HP: 35/35 MP: 6/9
  3146 | D:3      | Noticed Natasha
  3157 | D:3      | Slain by a crimson imp

Illustrated notes

Levels and vault maps discovered:
D:1:      moated_graveyard_arrival, layout_rooms
D:2:      layout_basic
D:3:      layout_loops_corners, amcnicky_mini_pool_small, roderic_batcave,
          uniq_robin, uniq_terence, uniq_natasha

Skill      XL: |  1  2  3  4 |
---------------+-------------+-----
Summonings     | 5 |  5.8
Spellcasting   | 3 |  3.0
Dodging        | |  2.6
Stealth        | |  2.1

Action                   |  1- 3 |  4- 6 || total
-------------------------+-------+-------++-------
Melee: Whip              |    54 |       ||    54
       Punch             |     2 |       ||     2
       Mace              |     6 |    24 ||    30
Throw: Dart              |     4 |       ||     4
 Cast: Summon Small Mamm |     6 |       ||     6
       Call Imp          |    15 |    12 ||    27
 Stab: Sleeping          |     3 |     1 ||     4
Armor: Robe              |     9 |     7 ||    16
Dodge: Dodged            |    32 |    22 ||    54
